 Dungeon Crawl Stone Soup version 0.31-a0-237-g2d982f9f85 (webtiles) character file.

Game seed: 4663212154236553938

2184 qw the Skirmisher (level 9, -2/78 HPs)
             Began as a Minotaur Hexslinger on July 10, 2023.
             Shot with an arrow by a centaur (7 damage)
             ... on level 7 of the Dungeon.
             The game lasted 00:02:10 (5106 turns).

qw the Skirmisher (Minotaur Hexslinger)             Turns: 5106, Time: 00:02:10

Health: -2/78      AC:  9    Str: 13    XL:     9   Next: 11%
Magic:  0/9        EV: 14    Int: 10    God:
Gold:   117        SH:  0    Dex: 17    Spells: 9/10 levels left

rFire   . . .        Y - +0 shortbow
rCold   + . .        (shield currently unavailable)
rNeg    . . .        o - +1 leather armour {rPois}
rPois   +            p - +1 hat
rElec   .            f - +0 cloak
rCorr   .            (no gloves)
SInv    .            n - +2 pair of boots {Fly}
Will    .....        c - amulet of guardian spirit
Stlth   +            g - +4 ring of slaying {mikee}
HPRegen 0.33/turn    d - ring of protection from cold
MPRegen 0.11/turn

%: guardian spirit
@: flying
A: horns 2, retaliatory headbutt
a: no special abilities


You were on level 7 of the Dungeon.
You visited 2 branches of the dungeon, and saw 8 of its levels.

You collected 299 gold pieces.
You spent 182 gold pieces at shops.


Innate Abilities, Weirdness & Mutations

You have a pair of horns on your head.
You reflexively headbutt those who attack you in melee.


   Skills:
 + Level 6.4 Fighting
 - Level 10.5 Ranged Weapons
 - Level 2.5 Armour
 - Level 5.6 Dodging
 - Level 1.0 Spellcasting
 - Level 2.0 Hexes


You had 9 spell levels left.
You knew the following spells:

 Your Spells              Type           Power      Damage    Failure   Level
a - Slow                  Hex            16%        N/A       19%         1

Your spell library contained the following spells:

 Spells                   Type           Power      Damage    Failure   Level
 Inner Flame              Hex/Fire       2%         N/A       65%         3
 Portal Projectile        Hex/Tloc       4%         N/A       65%         3
 Cause Fear               Hex            2%         N/A       88%         4

Inventory:

Hand Weapons
 Y - a +0 shortbow (weapon)
Armour
 a - a +0 troll leather armour
 f - a +0 cloak (worn)
 n - a +2 pair of boots of flying (worn)
 o - a +1 leather armour of poison resistance (worn)
 p - a +1 hat (worn)
Jewellery
 c - an amulet of guardian spirit (around neck)
 d - a ring of protection from cold (right hand)
 g - a +4 ring of slaying (left hand) {mikee}
 j - a +6 ring of strength
 k - an amulet of the acrobat
Scrolls
 l - 2 scrolls of identify
Potions
 h - 3 potions of curing
 i - a potion of enlightenment

Dungeon Overview and Level Annotations

Branches:
Dungeon (7/15)             Temple (1/1) D:5

Altars:
Ashenzari
Cheibriados
Dithmenos
Elyvilon
Fedhas
Gozag
Hepliaklqana
Kikubaaqudgha
Makhleb
Nemelex Xobeh
Ru
Trog
Uskayaw
Vehumet
Wu Jian
Xom
Yredelemnul
The Shining One

Shops:
D:5 [:

Annotations:
D:7 exclusion: 13 centaurs


Message History

The centaur shoots an arrow.
The arrow hits you.
You shoot an arrow. The arrow hits the centaur.
The centaur is severely wounded.
You hear a shout!
The centaur wields a +0 shortbow.
The centaur shoots an arrow.
The arrow hits you.
The centaur shoots an arrow.
The arrow closely misses you.
The centaur shoots an arrow.
The arrow hits you.
The centaur shoots an arrow.
The arrow hits you!
You shoot an arrow. The arrow hits the centaur.
You kill the centaur!
The centaur shoots an arrow.
The arrow hits you!
The centaur shoots an arrow.
The arrow barely misses you.
The centaur shoots an arrow.
The arrow misses you. 2 centaurs come into view.
The centaur shouts!
The centaur shoots an arrow.
The arrow barely misses you.
The centaur wields a +0 orcbow.
The centaur shoots an arrow.
The arrow barely misses you.
The centaur shoots an arrow.
The arrow hits you!
The centaur shoots an arrow.
The arrow misses you.
The centaur wields a +0 shortbow.
The centaur shoots an arrow.
The arrow hits you.
The centaur shoots an arrow.
The arrow barely misses you.
The centaur shoots an arrow.
The arrow hits you!
5102 ||| DRINKING potion of heal wounds.
You feel much better.
The centaur shoots an arrow.
The arrow barely misses you.
The centaur shoots an arrow.
The arrow closely misses you.
The centaur shoots an arrow.
The arrow barely misses you.
The centaur shoots an arrow.
The arrow closely misses you.
The centaur shoots an arrow.
The arrow barely misses you.
The centaur shoots an arrow.
The arrow hits you.
The centaur shoots an arrow.
The arrow hits you!
The centaur shoots an arrow.
The arrow hits you.
The centaur shoots an arrow.
The arrow misses you.
The centaur shoots an arrow.
The arrow closely misses you.
The centaur shoots an arrow.
The arrow hits you.
The centaur shoots an arrow.
The arrow hits you.
The centaur shoots an arrow.
The arrow hits you but does no damage.
Found an escape hatch in the ceiling.
The centaur shoots an arrow.
The arrow closely misses you.
The centaur shoots an arrow.
The arrow closely misses you.
The centaur shoots an arrow.
The arrow closely misses you.
The centaur shoots an arrow.
The arrow hits you!
You die...

#.#............#
#..............#
#<.......).....##
#.#####+#+#.....##..
#.......#.#...~~~~.#
#########.#..~~~~~~~~
<......~~~~~~~~~~~~~
###~~~~~~~~~~~~~~~~
#~~~@~~~~~~~~~cc~~
#~~~~~~~~~~~c.c.).
#~~~~~~~~~~c.....
..~~~~~~~~~~c.#+#
.....~~~~~~~~~..#
...##~~~~~~~~~..# ...
##~~~~~~~~~. ..
...~~~~~~~


You could see 2 centaurs.

Vanquished Creatures
  Pikel (D:6)
  Grinder (D:6)
  Eustachio (D:6)
  A water moccasin (D:5)
  2 centaurs
  A lemure (D:7)
  3 scorpions
  A water moccasin zombie (D:4)
  3 howler monkeys (D:5)
  4 hounds (D:6)
  2 jellies
  3 orc priests
  3 sleepcaps
  4 iguanas
  4 orc wizards
  Ijyb (D:5)
  A hound zombie (D:4)
  A howler monkey zombie (D:4)
  Robin (D:4)
  4 gnolls (D:3)
  5 adders
  A shadow imp (D:4)
  An adder zombie (D:4)
  3 worms
  2 dart slugs
  22 orcs
  4 bats
  9 endoplasms
  2 giant cockroaches
  12 goblins
  10 hobgoblins
  5 jackals
  3 kobolds
  11 ball pythons
  5 frilled lizards
  4 rats
141 creatures vanquished.

Notes
Turn   | Place    | Note
-------+----------+-------------------------------------------
     0 | D:1      | qw the Minotaur Hexslinger began the quest for the Orb.
     0 | D:1      | Reached XP level 1. HP: 16/16 MP: 1/1
     0 | D:1      | 0 ||| qw: Version: 0.3-a-52-g30416fa
     0 | D:1      | 0 ||| qw: Game counter: 5383
     0 | D:1      | 0 ||| qw: Melee chars always use a shield: true
     0 | D:1      | 0 ||| qw: God list: Okawaru
     0 | D:1      | 0 ||| qw: Allow faded altars: false
     0 | D:1      | 0 ||| qw: Do Orc after clearing Dungeon:15 true
     0 | D:1      | 0 ||| qw: Do second Lair branch before Depths: true
     0 | D:1      | 0 ||| qw: Lair rune preference: random
     0 | D:1      | 0 ||| qw: Goals: Normal
     0 | D:1      | 0 ||| PLANNING D:1-11
   148 | D:1      | Reached skill level 3 in Ranged Weapons
   148 | D:1      | Reached XP level 2. HP: 23/23 MP: 2/2
   183 | D:1      | 183 ||| FLEEEEING.
   184 | D:1      | 184 ||| FLEEEEING.
   185 | D:1      | 185 ||| FLEEEEING.
   186 | D:1      | 186 ||| FLEEEEING.
   187 | D:1      | 187 ||| FLEEEEING.
   188 | D:1      | 188 ||| FLEEEEING.
   505 | D:1      | 505 ||| UPGRADING to +0 pair of boots.
   510 | D:1      | 510 ||| UPGRADING to +2 pair of boots of flying.
   520 | D:1      | 520 ||| DROPPING +0 pair of boots.
   521 | D:1      | 521 ||| UPGRADING to +0 leather armour.
   531 | D:1      | 531 ||| DROPPING +0 robe.
   532 | D:1      | 532 ||| UPGRADING to +4 ring of slaying {mikee}.
   533 | D:1      | 533 ||| READING scroll labelled ZACIHI SAMAIGH.
   538 | D:1      | 538 ||| READING 2 scrolls labelled UHEKYF DALAO.
   539 | D:1      | 539 ||| READING scroll labelled JAIT PEBICHUGAM.
   540 | D:1      | 540 ||| DRINKING 2 lumpy puce potions.
   541 | D:1      | 541 ||| DRINKING 2 glowing silvery potions.
   576 | D:1      | 576 ||| DROPPING scroll of poison.
   577 | D:1      | 577 ||| DROPPING potion of magic.
   578 | D:1      | 578 ||| DROPPING potion of lignification.
   612 | D:2      | Reached XP level 3. HP: 29/29 MP: 3/3
   720 | D:2      | Reached skill level 4 in Ranged Weapons
  1192 | D:2      | 1192 ||| UPGRADING to amulet of guardian spirit.
  1197 | D:2      | 1197 ||| UPGRADING to +6 ring of strength.
  1198 | D:2      | 1198 ||| READING scroll labelled RIRPHE JIUTAG.
  1199 | D:2      | 1199 ||| READING scroll labelled XUIWUROOGGU.
  1200 | D:2      | 1200 ||| DRINKING 3 dark potions.
  1201 | D:2      | 1201 ||| READING 2 scrolls of identify.
  1201 | D:2      | 1201 ||| IDENTIFYING inky potion
  1202 | D:2      | 1202 ||| DROPPING potion of attraction.
  1249 | D:3      | Reached XP level 4. HP: 29/36 MP: 4/4
  1283 | D:3      | 1283 ||| FLEEEEING.
  1285 | D:3      | 1285 ||| FLEEEEING.
  1286 | D:3      | 1286 ||| FLEEEEING.
  1287 | D:3      | 1287 ||| STAIRDANCE
  1336 | D:3      | Reached skill level 5 in Ranged Weapons
  1618 | D:3      | Reached XP level 5. HP: 42/42 MP: 5/5
  1793 | D:3      | Reached skill level 3 in Fighting
  1980 | D:3      | 1980 ||| UPGRADING to +0 ring mail.
  1990 | D:3      | 1990 ||| DROPPING +0 leather armour.
  1991 | D:3      | 1991 ||| READING scroll labelled UJIGHO XADAY.
  2119 | D:4      | Reached skill level 1 in Armour
  2214 | D:4      | Found a white marble altar of Elyvilon.
  2287 | D:4      | Reached skill level 6 in Ranged Weapons
  2352 | D:4      | Found a basalt altar of Yredelemnul.
  2358 | D:4      | Reached XP level 6. HP: 51/51 MP: 6/6
  2443 | D:4      | Noticed Robin
  2452 | D:4      | Killed Robin
  2478 | D:4      | Found a shadowy altar of Dithmenos.
  2728 | D:4      | 2728 ||| UPGRADING to +0 cloak.
  2733 | D:4      | 2733 ||| READING 2 scrolls of identify.
  2733 | D:4      | 2733 ||| IDENTIFYING sedimented pink potion
  2734 | D:4      | 2734 ||| DROPPING potion of ambrosia.
  2748 | D:5      | Entered Level 5 of the Dungeon
  2759 | D:5      | 2759 ||| Stepping ~*~*~tactically~*~*~ (outnumbered).
  2763 | D:5      | Reached skill level 7 in Ranged Weapons
  2770 | D:5      | 2770 ||| FLEEEEING.
  2771 | D:5      | 2771 ||| STAIRDANCE
  2956 | D:5      | Found a staircase to the Ecumenical Temple.
  2957 | D:5      | 2957 ||| PLANNING TEMPLE
  2965 | Temple   | Entered the Ecumenical Temple
  2994 | Temple   | 2994 ||| PLANNING D:1-11
  3036 | D:5      | Reached XP level 7. HP: 59/59 MP: 7/7
  3069 | D:5      | Found an opulent altar of Gozag.
  3206 | D:5      | Found Qieruel's Book Shoppe.
  3221 | D:5      | Noticed Ijyb
  3224 | D:5      | 3224 ||| Stepping ~*~*~tactically~*~*~ (outnumbered).
  3238 | D:5      | HP: 11/59 [poisoned by Ijyb]
  3239 | D:5      | Killed Ijyb
  3240 | D:5      | 3240 ||| DRINKING 5 potions of curing.
  3240 | D:5      | 3240 ||| (to cure poison)
  3259 | D:5      | Reached skill level 8 in Ranged Weapons
  3397 | D:5      | 3397 ||| SWAPPING to +0 shortbow.
  3398 | D:5      | 3398 ||| DROPPING +1 sling.
  3410 | D:5      | Found a blossoming altar of Fedhas.
  3735 | D:5      | Found Ruceskov's Antique Armour Boutique.
  3744 | D:5      | 3744 ||| BUYING embroidered hat (182 gold).
  3744 | D:5      | Bought an embroidered hat for 182 gold pieces
  3744 | D:5      | 3744 ||| SHOPLISTING pair of gloves (117 gold, have 73).
  3744 | D:5      | 3744 ||| SHOPLISTING runed leather armour (130 gold, have
                  | 73).
  3744 | D:5      | 3744 ||| SHOPLISTING runed robe (96 gold, have 73).
  3778 | D:5      | 3778 ||| UPGRADING to +1 leather armour of poison
                  | resistance.
  3788 | D:5      | 3788 ||| DROPPING +0 ring mail.
  3789 | D:5      | 3789 ||| UPGRADING to +1 hat.
  3794 | D:5      | 3794 ||| READING scroll labelled PEMPIE CEIMNAL.
  3795 | D:5      | 3795 ||| READING 5 scrolls of identify.
  3795 | D:5      | 3795 ||| IDENTIFYING black potion
  3796 | D:5      | 3796 ||| READING 4 scrolls of identify.
  3796 | D:5      | 3796 ||| IDENTIFYING amethyst potion
  3797 | D:5      | 3797 ||| READING 3 scrolls of identify.
  3797 | D:5      | 3797 ||| IDENTIFYING bubbling purple potion
  3798 | D:5      | 3798 ||| READING 2 scrolls of identify.
  3798 | D:5      | 3798 ||| IDENTIFYING bubbling blue potion
  3799 | D:5      | 3799 ||| DROPPING potion of berserk rage.
  3800 | D:5      | 3800 ||| DROPPING potion of degeneration.
  3837 | D:6      | 3837 ||| STAIRDANCE
  3843 | D:5      | Reached skill level 3 in Dodging
  3847 | D:5      | Reached XP level 8. HP: 36/68 MP: 4/8
  4095 | D:6      | 4095 ||| Stepping ~*~*~tactically~*~*~ (outnumbered).
  4098 | D:6      | Reached skill level 9 in Ranged Weapons
  4123 | D:6      | HP: 17/69 [something/puff of flame (8)]
  4125 | D:6      | 4125 ||| DRINKING 4 potions of curing.
  4125 | D:6      | 4125 ||| (to cure confusion)
  4324 | D:6      | Found a radiant altar of Vehumet.
  4460 | D:6      | Reached skill level 6 in Fighting
  4656 | D:6      | Noticed Grinder
  4657 | D:6      | Noticed Eustachio
  4665 | D:6      | Killed Eustachio
  4665 | D:6      | Paralysed by Grinder for 5 turns
  4676 | D:6      | Killed Grinder
  4677 | D:6      | Reached skill level 10 in Ranged Weapons
  4891 | D:6      | 4891 ||| UPGRADING to ring of protection from cold.
  4893 | D:6      | 4893 ||| READING scroll labelled INUYVOO VUPRU.
  4912 | D:7      | Noticed Pikel
  4921 | D:7      | 4921 ||| STAIRDANCE
  4929 | D:6      | Killed Pikel
  4930 | D:6      | Reached XP level 9. HP: 28/75 MP: 4/9
  5101 | D:7      | HP: 15/78 [centaur/arrow (5)]
  5101 | D:7      | HP: 7/78 [centaur/arrow (8)]
  5102 | D:7      | 5102 ||| DRINKING potion of heal wounds.
  5106 | D:7      | Shot with an arrow by a centaur

Levels and vault maps discovered:
D:1:      psy_arrival_conway, layout_rooms, minmay_cut_off
D:2:      layout_loops_ring, minmay_misc_feat_enclosed
D:3:      layout_loops_ring, minmay_fountain_box
D:4:      layout_loops_ring, nicolae_yredelemnul_corpse_copse,
          lemuel_crystal_altar, elyvilon_altar_3, chequers_serial_rivers_marsh,
          uniq_robin
D:5:      layout_basic, fedhas_altar_1,
          nicolae_gozag_cash_rules_everything_around_me, temple_pool_b,
          serial_shops, shop, nicolae_diamond_shop, kennysheep_generic_room_16,
          uniq_ijyb
D:6:      wander_river, layout_loops_cross, nicolae_overflow_hidden_temple,
          grunt_ministairs_9, uniq_grinder, uniq_eustachio
D:7:      layout_basic, lemuel_coloured_pillars_altar, amcnicky_altar_gilded,
          centaur_isle, uniq_pikel, uniq_duvessa
Temple:   nicolae_temple_ecumenical_triangle

Skill      XL: |  1  2  3  4  5  6  7  8 |
---------------+-------------------------+-----
Ranged Weapons | 3 4 5 6 7 8 10 | 10.5
Fighting       | 2 3 4 5 6 |  6.4
Armour         | 1 2 |  2.5
Dodging        | 3 5 |  5.6
Spellcasting   | |  1.0
Hexes          | |  2.0

Action                     |  1- 3 |  4- 6 |  7- 9 || total
---------------------------+-------+-------+-------++-------
   Fire: Sling             |    94 |   190 |    57 ||   341
         Shortbow          |       |       |   128 ||   128
    Use: Scroll            |     6 |     2 |     6 ||    14
         Potion            |     3 |       |     3 ||     6
 Armour: Robe              |     1 |       |       ||     1
         Leather armour    |     2 |     8 |    36 ||    46
         Ring mail         |       |    21 |    13 ||    34
  Dodge: Dodged            |    19 |    60 |    78 ||   157

Table legend:
 A = Non-vault XP
 B = Vault XP
 C = Vault XP percentage of total XP
 D = Non-vault monster count
 E = Vault monster count
 F = Vault count percentage of total count
                 A         B        C        D         E       F
            +---------+---------+-------+---------+---------+-------
      Total |    1550 |    1571 |  50.3 |     117 |      23 |  16.4
            +---------+---------+-------+---------+---------+-------
        D:1 |      29 |       5 |  14.7 |      19 |       3 |  13.6
        D:2 |      42 |       0 |   0.0 |      16 |       0 |   0.0
        D:3 |     188 |       0 |   0.0 |      27 |       0 |   0.0
        D:4 |     131 |     141 |  51.8 |      17 |      11 |  39.3
        D:5 |     689 |     239 |  25.8 |      17 |       5 |  22.7
        D:6 |     471 |    1074 |  69.5 |      21 |       3 |  12.5
        D:7 |       0 |     112 | 100.0 |       0 |       1 | 100.0
            +---------+---------+-------+---------+---------+-------
